 Dungeon Crawl Stone Soup version 0.31-a0-750-gfe7b580527 (webtiles) character file.

Game seed: 6961805223680379835

105306 MackTheKnife the Eclecticist (level 15, -8/80 HPs)
             Began as a Spriggan Wanderer on Sept 14, 2023.
             Was an Initiate of Yredelemnul.
             Killed from afar by an eleionoma (40 damage)
             ... with a spray of wooden splinters
             ... on level 1 of the Swamp.
             The game lasted 01:40:04 (33344 turns).

MackTheKnife the Eclecticist (Spriggan Wanderer)   Turns: 33344, Time: 01:40:04

Health: -8/80      AC:  7    Str: 16    XL:     15   Next: 94%
Magic:  28/38      EV: 24    Int: 26    God:    Yredelemnul [......]
Gold:   997        SH: 12    Dex: 15    Spells: 31/50 levels left

rFire   + . .        J - +5 falchion of Juafeme {freeze, Fly Str+2, long}
rCold   + . .        U - +2 buckler
rNeg    . . .        d - +2 robe {rF+}
rPois   .            c - +1 hat
rElec   +            a - +1 cloak
rCorr   .            (gloves unavailable)
SInv    +            (boots unavailable)
Will    ++...        p - amulet of reflection
Stlth   +++          q - ring "Queng" {*Corrode rElec rC+ Str+5}
HPRegen 0.33/turn    F - +6 ring of intelligence
MPRegen 0.26/turn

%: corrode self (3%), reflection
@: flying, very quick
A: very small, no large weapons, unfitting armour, see invisible, speed 3
a: Renounce Religion, Recall Undead Harvest


You were on level 1 of the Swamp.
You worshipped Yredelemnul.
Yredelemnul was noncommittal.
You visited 5 branches of the dungeon, and saw 25 of its levels.
You also visited: Ossuary and Volcano.

You collected 2448 gold pieces.
You spent 1451 gold pieces at shops.


Innate Abilities, Weirdness & Mutations

You are very small and have problems with some larger weapons.
You are too small for most types of armour.
You have supernaturally acute eyesight. (SInv)
You cover ground extremely quickly. (Speed+++)


   Skills:
 + Level 10.2 Fighting
 - Level 12.0 Dodging
 - Level 6.0 Stealth
 - Level 5.0 Shields
 - Level 18.0 Spellcasting
 - Level 6.0 Conjurations
 - Level 4.0 Hexes
 - Level 8.0 Summonings
 - Level 6.0 Translocations
 - Level 6.0 Ice Magic
 - Level 6.0 Air Magic
 - Level 4.0 Invocations
 - Level 12.0 Evocations


You had 31 spell levels left.
You knew the following spells:

 Your Spells              Type           Power      Damage    Failure   Level
a - Summon Small Mammal   Summ           100%       N/A       1%          1
b - Call Canine Familiar  Summ           60%        N/A       1%          3
c - Teleport Other        Tloc           53%        N/A       1%          3
d - Apportation           Tloc           100%       N/A       1%          1
e - Summon Guardian Gole  Hex/Summ       53%        N/A       1%          3
f - Mephitic Cloud        Conj/Pois/Air  44%        N/A       1%          3
g - Freezing Cloud        Conj/Ice/Air   26%        6-21      6%          5

Your spell library contained the following spells:

 Spells                   Type           Power      Damage    Failure   Level
 Cigotuvi's Dreadful Rot  Necr/Pois/Air  66%        N/A       1%          2
 Poisonous Vapours        Pois/Air       78%        N/A       1%          2
 Static Discharge         Conj/Air       100%       2-7/arc   1%          2
 Dazzling Flash           Conj/Hex       98%        N/A       1%          3
 Necrotise                Necr           92%        1d8       2%          1
 Sandblast                Erth           46%        2d11      2%          1
 Stone Arrow              Conj/Erth      78%        3d11      2%          3
 Volatile Blastmotes      Fire/Tloc      78%        2d16      2%          3
 Vhi's Electric Charge    Tloc/Air       100%       N/A       2%          4
 Passwall                 Tmut/Erth      19%        N/A       3%          2
 Arcjolt                  Conj/Air       26%        1d36      6%          5
 Ignite Poison            Fire/Tmut/Pois 23%        N/A       8%          3
 Vampiric Draining        Necr           23%        2d7       8%          3
 Flame Wave               Conj/Fire      39%        2d11      8%          4
 Silence                  Hex/Air        24%        N/A       9%          5
 Agony                    Necr           23%        N/A       56%         5
 Plasma Beam              Fire/Air       19%        2x1d31    75%         6
 Starburst                Conj/Fire      19%        6d7       75%         6
 Haunt                    Necr/Summ      22%        N/A       99%         7
 Infestation              Necr           11%        N/A       100%        8
 Maxwell's Capacitive Co  Air            26%        ∞         100%        8
 Animate Dead             Necr           Unusable   N/A       N/A         4

Inventory:

Hand Weapons
 J - the +5 falchion of Juafeme (weapon) {freeze, Fly Str+2, long}
   (You found it on level 8 of the Dungeon)

   Str+2:     It affects your strength (+2).
   Fly:       It grants you flight.
Armour
 a - a +1 cloak (worn)
   (You took it off Maurice on level 8 of the Dungeon)
 c - a +1 hat (worn)
   (You found it on level 10 of the Dungeon)
 d - a +2 robe of fire resistance (worn)
   (You took it off an orc wizard on level 8 of the Dungeon)
 R - a +1 robe of willpower
   (You found it on level 1 of the Lair of Beasts)
 U - a +2 buckler (worn)
   (You found it on level 13 of the Dungeon)
Jewellery
 e - a ring of wizardry
   (You found it on level 4 of the Dungeon)
 f - a ring of willpower
   (You found it on level 5 of the Lair of Beasts)
 h - a ring of resist corrosion
   (You found it on level 1 of the Dungeon)
 p - an amulet of reflection (around neck)
   (You found it on level 3 of the Dungeon)
 q - the ring "Queng" (left hand) {*Corrode rElec rC+ Str+5}
   (You acquired it on level 8 of the Dungeon)

   [ring of protection from cold]

   Str+5:     It affects your strength (+5).
   rC+:       It protects you from cold.
   rElec:     It insulates you from electricity.
   *Corrode:  It may corrode you when you take damage.
 s - a ring of positive energy
   (You found it on level 3 of the Dungeon)
 F - a +6 ring of intelligence (right hand)
   (You bought it in a shop on level 13 of the Dungeon)
 K - a ring of ice
   (You found it on level 9 of the Dungeon)
 Q - a ring of protection from cold
   (You found it on level 11 of the Dungeon)
 W - a ring of flight
   (You found it on level 14 of the Dungeon)
Wands
 u - a wand of polymorph (5)
   (You took it off an orc on level 8 of the Dungeon)
 x - a wand of charming (20)
   (You found it on level 4 of the Dungeon)
 C - a wand of iceblast (5)
   (You took it off Erolcha on level 10 of the Dungeon)
 L - a wand of flame (10)
   (You found it on level 10 of the Dungeon)
Scrolls
 g - 5 scrolls of fear
 i - 7 scrolls of revelation
 j - 5 scrolls of blinking {!r}
 l - 2 scrolls of fog
 r - 3 scrolls of enchant weapon
 v - a scroll of poison {!r}
 w - a scroll of brand weapon
 y - 7 scrolls of teleportation {@r4}
 E - a scroll of silence {!r}
 G - 4 scrolls of immolation {!r!r}
 H - a scroll of identify {@r1}
 I - 3 scrolls of vulnerability {!r!r}
 S - 2 scrolls of amnesia
Potions
 b - 6 potions of brilliance
 k - 2 potions of heal wounds {@q2}
 m - a potion of mutation {unknown}
 n - a potion of resistance
 o - 4 potions of enlightenment
 t - 4 potions of cancellation
 z - 8 potions of curing {@q1}
 A - 2 potions of magic
 B - 4 potions of lignification {!q}
 D - 5 potions of might
 M - 3 potions of haste {@q3}
 O - 2 potions of ambrosia
Miscellaneous
 N - a phial of floods
   (You found it on level 10 of the Dungeon)
 X - a lightning rod (1/4)
   (You bought it in a shop on level 15 of the Dungeon)

Dungeon Overview and Level Annotations

Branches:
Dungeon (15/15) Zot: 25453  Temple (0/1) D:5            Lair (5/5) D:11 Zot: 24030
  Swamp (2/4) Lair:3 Zot: 11035   Snake (1/4) Lair:2 Zot: 5998   Slime (0/5) Lair:4
    Orc (2/2) D:9 Zot: 9899     Elf (0/3) Orc:2        Vaults (0/5) D:14
 Depths (0/4) D:15        Ossuary (visited)         Volcano (visited)

Altars:
Elyvilon
Fedhas
Hepliaklqana
Kikubaaqudgha
Makhleb
Okawaru
Qazlal
Ru
Sif Muna
Trog
Uskayaw
Xom
Yredelemnul
The Shining One

Shops:
D:2 [   D:13 =[   D:15 *   Orc:1 !   Orc:2 [(*[

Annotations:
D:9 1 exclusion
D:13 exclusion: downstairs
D:14 exclusion: 3 downstairs
D:15 3 runed translucent doors, exclusion: 3 doors, shbulbulush's ghost, amateur FoFi
Lair:2 exclusion: downstairs
Lair:4 1 runed translucent door
Lair:5 exclusions: door and obsidian statue

♣.~§.~~~.♣ ♣.~~...~.~
♣.~~.~~~.♣♣♣♣.~~~.....
♣♣...~~.....♣♣.~~~...~
♣..~~~~.~~.♣♣.~~..~.♣
♣.~~~~~~~~.♣~~~~.~~..
♣.~~~~~~~..♣♣♣~..~~§.
♣♣~~..~~~..♣♣ ♣♣♣...~~
♣~~.~R~~~...♣ ♣♣§...~~
♣♣♣♣~@<~~.~♣♣♣♣~♣♣.~~~
♣♣~~~~.♣♣♣♣♣.....~~~
♣♣.~♣..♣♣ ♣♣~..~~.~~~
♣....♣♣♣ ♣♣...~~~.~~~
♣.~~.♣ ♣.~~.~.~....
♣..♣~♣ ♣♣♣.~~........
♣♣..♣♣♣ ♣§~~....~♣~~.~
♣...♣♣♣♣♣.~~.~~♣♣§..~~
♣♣..♣~♣~.~~~.♣♣♣♣♣..~~


You could see an eleionoma.


Message History

The spray of wooden splinters hits your guardian golem!!
The spray of wooden splinters hits you!
Your swamp dragon zombie misses the eleionoma.
Your swamp dragon zombie closely misses the eleionoma.
Your swamp dragon zombie tramples the eleionoma.
The eleionoma holds its ground!
Your guardian golem overheats! 😕 HP[-14] MP[+1]
You take 14 damage, and now have 66/80 hp.
Unknown command.
The eleionoma hits you!!
Your spriggan zombie hits the eleionoma. 😮 HP[-22]
You take 22 damage, and now have 44/80 hp.
MASSIVE DAMAGE!! (PAUSE)
Your swamp dragon zombie bites the eleionoma.
Your swamp dragon zombie claws the eleionoma.
Your swamp dragon zombie closely misses the eleionoma.
Unknown command.
Unknown command.
Unknown command.
The eleionoma hits your swamp dragon zombie but does no damage.
Your spriggan zombie hits the eleionoma!
Unknown command.
Unknown command.
Your swamp dragon zombie bites the eleionoma!
Your swamp dragon zombie claws the eleionoma but does no damage.
Your swamp dragon zombie tramples the eleionoma!
The eleionoma holds its ground!
Unknown command.
The eleionoma touches a tree and draws upon its vitality.
The eleionoma is healed.
Your spriggan zombie hits the eleionoma!
Unknown command. 😮 HP[+1] Unknown command.
Your swamp dragon zombie bites the eleionoma!
Your swamp dragon zombie claws the eleionoma.
Your swamp dragon zombie barely misses the eleionoma. 😮 MP[+1]
You see here a +0 spear {polearm}.
Things that are here:
a +0 buckler; a +0 spear {polearm}; 😮 HP[+1]
There is a stone staircase leading up here.
Casting: Summon Guardian Golem (safe; 1% risk of failure)
Confirm with . or Enter, or press ? or * to list all spells.
Aiming: Freezing Cloud (dangerous; 6% risk of failure)
Press: ? - help, Dir - move target 😮 MP[-4]
You lost 4 mp, and now have 26/38 mp.
The eleionoma hits your spriggan zombie!
You can no longer trade souls for undead servants. 😮 HP[+1] Unknown command.
Your spriggan zombie hits the eleionoma.
The eleionoma hits your spriggan zombie!
Flame seeps out of your guardian golem.
Unknown command.
Unknown command.
Your guardian golem is engulfed in freezing vapours.
Flame seeps out of your guardian golem.
Your spriggan zombie splashes around in the water.
The eleionoma flows through the trees.
Unknown command.
Unknown command.
Your guardian golem is engulfed in freezing vapours.
Your guardian golem disappears in a puff of smoke!
You hear a sizzling sound! x3
The fiery explosion engulfs your spriggan zombie!!
You hear a sizzling sound!
The eleionoma splashes around in the water.
Your spriggan zombie is engulfed in blazing flames.
You can now trade souls for undead servants.
You fly upwards.
You can no longer trade souls for undead servants.
There is a stone staircase leading down here. 😮 HP[+1] MP[+1] Unknown command.
Unknown command.
Unknown command.
Unknown command.
Aiming: Thunderbolt
Press: ? - help, Shift-Dir - straight line, f - eleionoma
Aim: an eleionoma (heavily wounded)
The thunderbolt hits the eleionoma!!
The eleionoma hurls a spray of splinters at you.
The spray of wooden splinters hits you!
* * * LOW HITPOINT WARNING * * *
😨 HP[-17]
You take 17 damage, and now have 31/80 hp.
MASSIVE DAMAGE!! (PAUSE)
Aiming: Thunderbolt
Press: ? - help, Shift-Dir - straight line, f/p - eleionoma
Aim: an eleionoma (severely wounded)
The thunderbolt hits the eleionoma!!
The eleionoma hurls a spray of splinters at you.
The spray of wooden splinters hits you!!!
Ouch! That really hurt!
You die...
Your body rises from the dead as a mindless zombie.

Skill      XL: |  1  2  3  4  5  6  7  8  9 10 11 12 13 14 15 |
---------------+----------------------------------------------+-----
Stealth        | 1 3 4 5 6 |  6.0
Summonings     | 1 2 4 7 8 |  8.0
Evocations     | 5 6 8 12 | 12.0
Spellcasting   | 6 8 10 12 14 18 | 18.0
Dodging        | 8 12 | 12.0
Fighting       | 4 5 7 8 10 | 10.2
Translocations | 6 |  6.0
Invocations    | 4 |  4.0
Hexes          | 4 |  4.0
Air Magic      | 4 6 |  6.0
Conjurations   | 3 4 6 |  6.0
Shields        | 5 |  5.0
Ice Magic      | 4 5 6 |  6.0

Action                     |  1- 3 |  4- 6 |  7- 9 | 10-12 | 13-15 || total
---------------------------+-------+-------+-------+-------+-------++-------
  Melee: Dagger            |   168 |   127 |       |       |       ||   295
         Punch             |       |     3 |     2 |     2 |       ||     7
         Falchion          |       |    41 |   199 |   191 |   224 ||   655
   Cast: Summon Small Mamm |     7 |    13 |    14 |    12 |     6 ||    52
         Call Canine Famil |       |    11 |    45 |    59 |    98 ||   213
         Summon Guardian G |       |       |       |    95 |   142 ||   237
         Mephitic Cloud    |       |       |       |     2 |    10 ||    12
         Freezing Cloud    |       |       |       |       |   146 ||   146
         Teleport Other    |       |       |       |       |     2 ||     2
 Invoke: Dark Bargain      |       |       |     1 |     6 |    16 ||    23
         Bind Soul         |       |       |       |       |     1 ||     1
  Evoke: Wand              |       |       |    13 |    28 |    31 ||    72
         Lightning rod     |       |       |       |       |     5 ||     5
    Use: Scroll            |       |     6 |     3 |    10 |    17 ||    36
         Potion            |       |       |       |       |     3 ||     3
   Stab: Sleeping          |     9 |     7 |     5 |     2 |     3 ||    26
         Distracted        |     1 |     2 |     7 |     2 |     6 ||    18
 Armour: Robe              |    55 |    43 |    57 |    77 |   169 ||   401
  Dodge: Dodged            |   162 |   146 |   152 |   208 |   237 ||   905
  Block: Other             |       |    39 |    46 |    43 |     6 ||   134
         Reflection        |       |     1 |     1 |     3 |    15 ||    20
         Buckler           |       |       |       |       |   147 ||   147

Levels and vault maps discovered:
D:1:      minmay_arrival_doors, layout_loops_corners,
          ebering_ecumenical_altar_abandoned, minmay_quantized
D:2:      layout_rooms, serial_shops, shop_statue
D:3:      minmay_razor_zed, layout_basic, mainiacjoe_overflow_cross_hatched
D:4:      layout_cave_pools, amcnicky_mini_pool_small,
          nicolae_elevator_lobby_plus
D:5:      layout_loops_corners, minmay_temple_entry_tees,
          minmay_misc_feat_hallway, nicolae_kite_square_tiling_tiny,
          grunt_ministairs_2, dreamdust_wishing_well, kennysheep_another_room,
          uniq_pikel
D:6:      layout_rooms, lemuel_doored_altar, lemuel_coloured_pillars_altar,
          nicolae_concentric_dashed_squares_mild
D:7:      nzn_winding_woodlands_cross [nzn_winding_woodlands_5x15_sidewinder,
          nzn_winding_woodlands_5x15_default,
          nzn_winding_woodlands_5x15_pathside_ponds,
          nzn_winding_woodlands_5x15_sawtooth,
          nzn_winding_woodlands_15x15_five_gardens], layout_basic,
          elyvilon_altar_5, amcnicky_altar_gilded,
          mainiacjoe_overflow_six_doors_small, nicolae_uskayaw_dance_hall,
          nicolae_ossuary_entry_false_entrances
D:8:      layout_loops_ring, nicolae_qazlal_general_emergency,
          minmay_quadrilaterals, uniq_maurice, uniq_joseph, uniq_maggie,
          uniq_prince_ribbit1
D:9:      cheibrodos_iron_armory, layout_long_grid, kennysheep_okawaru_gauntlet,
          fedhas_ov_isle_minmay
D:10:     layout_loops_ring, grunt_temple_overflow_champion_of_chaos,
          ebering_ghost_reflecting_pool, st_stairs_3, uniq_josephine,
          uniq_gastronok, uniq_erolcha
D:11:     layout_cave_pools, due_lair_maze_entry_diamond, minmay_door_square
D:12:     layout_basic
D:13:     layout_loops_corners, nicolae_wooded_promenade
D:14:     layout_long_grid, grunt_vaults_entry_tiered, serial_bayou_pond_d
D:15:     hangedman_depths_entry_try_elsewhere_first, layout_rooms,
          gammafunk_ghost_tricky_traps, nicolae_tso_swordbearing_angel,
          nicolae_elemental_shop, chequers_serial_rivers_marsh, door_vault
Lair:1:   layout_roguey, grunt_megastairs_5, lemuel_fruit_fields
Lair:2:   layout_roguey, dummy_snake_entry, grunt_megastairs_1
Lair:3:   layout_loops_ring, minmay_swamp_entry_reptiles
Lair:4:   layout_concentric_octagons, slime_entry_2, enter_volcano_3,
          pdpol_lair_neglected_garden, infiniplex_staircase_pool
Lair:5:   due_jungle_book, layout_loops_ring, pdpol_lair_cavern_descent
Swamp:1:  layout_basic_swamp, evilmike_swamp_ruin_rubble_1
Swamp:2:  cheibrodos_swamp_monstrosity, layout_basic_swamp, serial_swamp_ruin,
          evilmike_swamp_ruin_house_4, hangedman_swamp_ruin_hall
Snake:1:  layout_onion, grunt_ministairs_13, st_stairs_6
Orc:1:    layout_diamond_mine, serial_shops, shop
Orc:2:    st_orc_elflike, layout_caves

Notes
Turn   | Place    | Note
-------+----------+-------------------------------------------
     0 | D:1      | MackTheKnife the Spriggan Wanderer began the quest for the
                  | Orb.
     0 | D:1      | MackTheKnife set off with the following items: a +0 dagger
                  | {short}, a potion of brilliance, a +0 robe; and the
                  | following spells available to memorise: Apportation,
                  | Teleport Other, Summon Small Mammal, Call Canine Familiar,
                  | Mephitic Cloud.
     0 | D:1      | Reached XP level 1. HP: 9/9 MP: 6/6
     0 | D:1      | magus.rc [v1.9.6]
     2 | D:1      | Learned a level 1 spell: Summon Small Mammal
    62 | D:1      | Found a faded altar of an unknown god.
   115 | D:1      | Prayed at the altar of an unknown god.
   115 | D:1      | Became a worshipper of Yredelemnul the Dark
   115 | D:1      | Reached * piety under Yredelemnul
   304 | D:1      | Reached skill level 1 in Stealth
   380 | D:1      | Reached XP level 2. HP: 10/13 MP: 8/8
   383 | D:1      | Reached ** piety under Yredelemnul
   422 | D:1      | Reached skill level 2 in Stealth
   587 | D:1      | Reached skill level 1 in Summonings
  1167 | D:2      | Found Poceihuh's Antique Armour Boutique.
  1290 | D:2      | Reached skill level 3 in Stealth
  1290 | D:2      | Reached XP level 3. HP: 8/16 MP: 7/9
  1416 | D:2      | You add the spells Vhi's Electric Charge, Arcjolt and
                  | Maxwell's Capacitive Coupling to your library.
  1639 | D:2      | Learned a level 3 spell: Call Canine Familiar
  1779 | D:3      | Found a shimmering blue altar of Sif Muna.
  1783 | D:3      | Reached skill level 4 in Stealth
  1841 | D:3      | Reached skill level 2 in Summonings
  1841 | D:3      | Reached XP level 4. HP: 21/21 MP: 11/11
  2174 | D:3      | Reached skill level 5 in Stealth
  2231 | D:3      | Reached XP level 5. HP: 24/24 MP: 12/12
  2488 | D:3      | You add the spells Cigotuvi's Dreadful Rot, Ignite Poison
                  | and Freezing Cloud to your library.
  2499 | D:3      | Noticed a black bear
  2961 | D:3      | Reached skill level 3 in Summonings
  3146 | D:3      | magus.rc [v1.9.6]
  3492 | D:4      | Reached skill level 4 in Summonings
  3492 | D:4      | Reached XP level 6. HP: 12/28 MP: 10/13
  3609 | D:4      | Reached skill level 1 in Evocations
  3960 | D:5      | Entered Level 5 of the Dungeon
  4002 | D:5      | Reached skill level 2 in Evocations
  4109 | D:5      | Reached skill level 3 in Evocations
  4239 | D:5      | Reached skill level 4 in Evocations
  4335 | D:5      | Reached skill level 5 in Evocations
  4335 | D:5      | Reached XP level 7. HP: 32/32 MP: 11/14
  4408 | D:5      | Reached skill level 6 in Evocations
  4528 | D:5      | Found a staircase to the Ecumenical Temple.
  4727 | D:5      | Noticed Pikel
  4837 | D:5      | Killed Pikel
  4838 | D:5      | Reached skill level 6 in Spellcasting
  4838 | D:5      | Reached skill level 8 in Dodging
  4838 | D:5      | Reached XP level 8. HP: 36/36 MP: 7/18
  5039 | D:5      | Learned a level 3 spell: Teleport Other
  5080 | D:5      | Reached skill level 1 in Fighting
  5445 | D:5      | Reached skill level 2 in Fighting
  5559 | D:6      | Reached skill level 3 in Fighting
  5674 | D:6      | Reached skill level 4 in Fighting
  5762 | D:6      | Reached skill level 4 in Translocations
  5920 | D:6      | Reached skill level 5 in Translocations
  5976 | D:6      | Reached skill level 6 in Translocations
  5977 | D:6      | HP: 9/42 [poisoned by a water moccasin]
  5982 | D:6      | HP: 6/42 [poisoned by a water moccasin]
  6222 | D:6      | Found a hazy altar of Hepliaklqana.
  6259 | D:6      | Reached XP level 9. HP: 45/45 MP: 12/19
  6407 | D:6      | Found a bloodstained altar of Trog.
  6472 | D:7      | Found an ancient bone altar of Kikubaaqudgha.
  6591 | D:7      | Reached skill level 5 in Fighting
  6616 | D:7      | Reached skill level 7 in Evocations
  6672 | D:7      | magus.rc [v1.9.6]
  6733 | D:7      | Reached skill level 8 in Evocations
  6776 | D:7      | Found a white marble altar of Elyvilon.
  6793 | D:7      | Reached skill level 1 in Invocations
  6808 | D:7      | Found a sand-covered staircase.
  6830 | Ossuary  | Entered an ossuary
  6882 | Ossuary  | Reached skill level 2 in Invocations
  7367 | D:7      | Found a hide-covered altar of Uskayaw.
  7418 | D:7      | Reached skill level 3 in Invocations
  7602 | D:7      | Reached skill level 4 in Invocations
  7672 | D:7      | Found a sacrificial altar of Ru.
  7816 | D:7      | Noticed a cyclops
  7826 | D:7      | Killed a cyclops
  7827 | D:7      | Reached skill level 8 in Spellcasting
  7841 | D:7      | Reached XP level 10. HP: 51/51 MP: 23/23
  7861 | D:7      | Reached *** piety under Yredelemnul
  7967 | D:7      | You add the spells Flame Wave and Starburst to your
                  | library.
  7967 | D:7      | Got the Volume of Conflagrant Ice
  8103 | D:7      | Reached skill level 6 in Fighting
  8449 | D:7      | You pick up a book of Spectacle and begin reading...
  8449 | D:7      | You add the spells Volatile Blastmotes and Dazzling Flash
                  | to your library.
  8557 | D:8      | Identified the +5 falchion of Juafeme {freeze, Fly Str+2}
  8598 | D:8      | Noticed Maurice
  8667 | D:8      | Reached skill level 7 in Fighting
  8667 | D:8      | Killed Maurice
  8668 | D:8      | Reached skill level 6 in Stealth
  8804 | D:8      | Noticed Maggie
  8836 | D:8      | Noticed Prince Ribbit
  8845 | D:8      | Killed Prince Ribbit
  8846 | D:8      | Reached skill level 5 in Summonings
  8961 | D:8      | Identified a scroll of acquirement
  8962 | D:8      | Acquired the ring "Queng" {*Corrode rElec rC+ Str+5}
  8980 | D:8      | Learned a level 1 spell: Apportation
  9058 | D:8      | You pick up a book of Callings and begin reading...
  9071 | D:8      | Learned a level 3 spell: Summon Guardian Golem
  9101 | D:8      | Noticed Joseph
  9110 | D:8      | Your ally Prince Ribbit died
  9126 | D:8      | Killed Joseph
  9313 | D:8      | Your ally Joseph died
  9418 | D:8      | Reached skill level 6 in Summonings
  9611 | D:8      | Found a stormy altar of Qazlal.
  9802 | D:8      | Killed Maggie
  9907 | D:9      | Noticed a two-headed ogre
  9927 | D:9      | Killed a two-headed ogre
  9928 | D:9      | Reached skill level 7 in Summonings
  9965 | D:9      | Found a staircase to the Orcish Mines.
  9976 | D:9      | You pick up a book of Vapours and begin reading...
 10070 | D:9      | Reached XP level 11. HP: 58/58 MP: 21/24
 10486 | D:9      | Found a blossoming altar of Fedhas.
 10670 | D:9      | Identified the +1 robe of Fasmeud {Str+4}
 10825 | D:9      | Found an iron altar of Okawaru.
 11014 | D:10     | Entered Level 10 of the Dungeon
 11050 | D:10     | Reached skill level 8 in Summonings
 11061 | D:10     | Noticed Josephine
 11068 | D:10     | Reached skill level 1 in Hexes
 11070 | D:10     | Killed Josephine
 11071 | D:10     | Reached skill level 3 in Hexes
 11088 | D:10     | Reached skill level 4 in Hexes
 11122 | D:10     | Found a runed translucent door.
 11254 | D:10     | Noticed Gastronok
 11325 | D:10     | Reached skill level 9 in Evocations
 11399 | D:10     | Noticed a two-headed ogre
 11409 | D:10     | Killed a two-headed ogre
 11410 | D:10     | Reached skill level 10 in Evocations
 11470 | D:10     | Reached skill level 11 in Evocations
 11689 | D:10     | Noticed a two-headed ogre
 11701 | D:10     | Killed a two-headed ogre
 11804 | D:10     | Reached skill level 12 in Evocations
 12019 | D:10     | Found a shimmering altar of Xom.
 12019 | D:10     | Found a burning altar of Makhleb.
 12208 | D:10     | Noticed gabibbone's ghost (novice TrSh)
 12294 | D:10     | Reached skill level 9 in Spellcasting
 12737 | D:10     | Killed gabibbone's ghost
 12738 | D:10     | Reached skill level 10 in Spellcasting
 12876 | D:11     | Reached XP level 12. HP: 63/63 MP: 18/27
 13017 | D:11     | Found a staircase to the Lair.
 13042 | D:11     | Noticed a two-headed ogre
 13055 | D:11     | Killed a two-headed ogre
 13056 | D:11     | Reached skill level 8 in Fighting
 13518 | D:11     | Noticed a two-headed ogre
 13536 | D:11     | Killed a two-headed ogre
 13537 | D:11     | Reached skill level 9 in Dodging
 13604 | D:11     | Noticed a two-headed ogre
 13835 | D:11     | Killed a two-headed ogre
 13853 | D:11     | Reached skill level 10 in Dodging
 14148 | Lair:1   | Entered Level 1 of the Lair of Beasts
 14209 | Lair:1   | Learned a level 3 spell: Mephitic Cloud
 14234 | Lair:1   | magus.rc [v1.9.6]
 14289 | Lair:1   | Reached skill level 11 in Dodging
 14412 | Lair:1   | Noticed a boulder beetle
 14438 | Lair:1   | Killed a boulder beetle
 14514 | Lair:1   | Reached skill level 12 in Dodging
 14605 | Lair:1   | Reached skill level 1 in Air Magic
 14616 | Lair:1   | Reached skill level 1 in Conjurations
 14634 | Lair:1   | Reached skill level 2 in Air Magic
 14643 | Lair:1   | HP: 16/64 [poisoned by a cane toad]
 15502 | Lair:2   | Reached skill level 2 in Conjurations
 15635 | Lair:2   | Reached skill level 3 in Air Magic
 15763 | Lair:2   | You are sucked into a shaft and drop 1 floor!
 15837 | Lair:3   | Reached skill level 3 in Conjurations
 15949 | Lair:3   | Reached skill level 4 in Air Magic
 16064 | Lair:3   | Noticed a death yak
 16065 | Lair:3   | Noticed a death yak
 16065 | Lair:3   | Noticed a death yak
 16080 | Lair:3   | Killed a death yak
 16081 | Lair:3   | Reached XP level 13. HP: 68/68 MP: 13/28
 16087 | Lair:3   | Reached skill level 4 in Conjurations
 16304 | Lair:3   | Reached skill level 11 in Spellcasting
 16338 | Lair:3   | Found a staircase to the Swamp.
 16376 | Lair:3   | Reached **** piety under Yredelemnul
 16384 | Lair:3   | Reached ***** piety under Yredelemnul
 17163 | Lair:3   | Reached skill level 12 in Spellcasting
 17429 | Lair:2   | Reached skill level 1 in Shields
 17434 | Lair:2   | Reached skill level 2 in Shields
 17645 | Lair:2   | Reached skill level 3 in Shields
 17797 | Lair:2   | Found a staircase to the Snake Pit.
 18130 | Lair:4   | You pick up a book of Necromancy and begin reading...
 18130 | Lair:4   | You add the spells Necrotise, Vampiric Draining and Agony
                  | to your library.
 18137 | Lair:4   | Learned a level 5 spell: Freezing Cloud
 18265 | Lair:4   | magus.rc [v1.9.6]
 18293 | Lair:4   | Reached skill level 4 in Shields
 18355 | Lair:4   | magus.rc [v1.9.6]
 18454 | Lair:4   | Reached skill level 5 in Shields
 18502 | Lair:4   | Reached skill level 1 in Ice Magic
 18585 | Lair:4   | Reached skill level 2 in Ice Magic
 18595 | Lair:4   | Found a dark tunnel.
 18602 | Volcano  | Entered a volcano
 18826 | Volcano  | Reached skill level 3 in Ice Magic
 18957 | Volcano  | Identified the +0 pair of gloves of Broken Taboos {rN+
                  | Int+2 Dex+2}
 19082 | Lair:4   | Found a runed translucent door.
 19084 | Lair:4   | Found a staircase to the Slime Pits.
 19283 | Lair:5   | Entered Level 5 of the Lair of Beasts
 19368 | Lair:5   | Reached skill level 4 in Ice Magic
 19679 | Lair:5   | Reached XP level 14. HP: 73/73 MP: 23/31
 20116 | Lair:5   | Reached skill level 5 in Conjurations
 20863 | Lair:5   | Reached skill level 5 in Ice Magic
 21426 | Lair:5   | Reached skill level 6 in Conjurations
 21481 | Lair:5   | Reached skill level 13 in Spellcasting
 21985 | Orc:1    | Entered Level 1 of the Orcish Mines
 22199 | Orc:1    | Found Xoatajadd's Distillery.
 22240 | Orc:1    | Bought a potion of heal wounds for 75 gold pieces
 22417 | Orc:2    | Entered Level 2 of the Orcish Mines
 22417 | Orc:2    | Noticed an orc warlord
 22450 | Orc:1    | an orc warlord changed into a swamp dragon
 22656 | Orc:1    | Reached skill level 14 in Spellcasting
 23322 | Orc:2    | Found a staircase to the Elven Halls.
 23884 | Orc:2    | Reached skill level 9 in Fighting
 24248 | Orc:2    | Found Siavvus's Antique Armour Shoppe.
 24248 | Orc:2    | Found Paon's General Store.
 24249 | Orc:2    | Found Acwekoeg's Antique Weapon Boutique.
 24249 | Orc:2    | Found Petonis's Armour Boutique.
 24873 | D:10     | Noticed Erolcha
 25118 | D:10     | Killed Gastronok
 25154 | D:10     | Your ally Gastronok died
 25172 | D:10     | Killed Erolcha
 25375 | D:10     | Reached skill level 10 in Fighting
 25530 | D:11     | magus.rc [v1.9.6]
 26406 | D:12     | Reached XP level 15. HP: 80/80 MP: 31/34
 26935 | D:13     | Reached skill level 15 in Spellcasting
 27255 | D:13     | Found Razem's Antique Armour Emporium.
 27421 | D:13     | Found Uhaschuf's Jewellery Shop.
 28073 | D:13     | Reached skill level 16 in Spellcasting
 28330 | D:14     | You pick up a book of Geomancy and begin reading...
 28330 | D:14     | You add the spells Sandblast, Passwall and Stone Arrow to
                  | your library.
 28335 | D:14     | You add the spells Static Discharge and Silence to your
                  | library.
 28335 | D:14     | Got the Anthology of Electrocution
 29255 | D:14     | Reached skill level 5 in Air Magic
 29326 | D:14     | Reached skill level 6 in Ice Magic
 29532 | D:14     | Found a gate to the Vaults.
 29957 | D:13     | Bought a +6 ring of intelligence for 576 gold pieces
 30017 | D:15     | Entered Level 15 of the Dungeon
 30027 | D:15     | Reached skill level 6 in Air Magic
 30029 | D:15     | You pick up a book of Death and begin reading...
 30029 | D:15     | You add the spells Haunt and Infestation to your library.
 30340 | D:15     | Reached ****** piety under Yredelemnul
 30568 | D:15     | Found Enloapro's Elemental Accessories.
 30576 | D:15     | Bought a lightning rod (4/4) for 800 gold pieces
 30578 | D:15     | Found a runed translucent gate.
 30579 | D:15     | Found a runed translucent gate.
 30580 | D:15     | Found a runed translucent gate.
 30584 | D:15     | Noticed shbulbulush's ghost (amateur FoFi)
 30832 | D:15     | Found a huge runed gate.
 30832 | D:15     | Found a huge runed gate.
 30834 | D:15     | Found a huge runed gate.
 30834 | D:15     | Found a huge runed gate.
 30834 | D:15     | Found a huge runed gate.
 30834 | D:15     | Found a huge runed gate.
 30834 | D:15     | Found a huge runed gate.
 30835 | D:15     | Found a huge runed gate.
 30836 | D:15     | Found a huge runed gate.
 30840 | D:15     | Found a huge runed gate.
 30840 | D:15     | Found a huge runed gate.
 30840 | D:15     | Found a huge runed gate.
 30840 | D:15     | Found a huge runed gate.
 30840 | D:15     | Found a huge runed gate.
 30840 | D:15     | Found a huge runed gate.
 30841 | D:15     | Found a huge runed gate.
 30850 | D:15     | Reached skill level 17 in Spellcasting
 30902 | D:15     | Found a huge runed gate.
 30993 | D:15     | Found a huge runed gate.
 31094 | D:15     | Found a staircase to the Depths.
 31272 | D:15     | Found a glowing golden altar of the Shining One.
 31334 | D:15     | Found a huge runed gate.
 31344 | D:15     | Found a huge runed gate.
 31344 | D:15     | Found a huge runed gate.
 31344 | D:15     | Found a huge runed gate.
 31344 | D:15     | Found a huge runed gate.
 31344 | D:15     | Found a huge runed gate.
 31344 | D:15     | Found a huge runed gate.
 31345 | D:15     | Found a huge runed gate.
 31346 | D:15     | Found a huge runed gate.
 31347 | D:15     | Found a huge runed gate.
 31356 | D:15     | Found a huge runed gate.
 31356 | D:15     | Found a huge runed gate.
 31356 | D:15     | Found a huge runed gate.
 31356 | D:15     | Found a huge runed gate.
 31357 | D:15     | Found a huge runed gate.
 31358 | D:15     | Found a huge runed gate.
 31359 | D:15     | Found a huge runed gate.
 31360 | D:15     | Found a huge runed gate.
 31547 | D:15     | You pick up a book of Lightning and begin reading...
 31619 | D:15     | Noticed a fire giant
 31619 | D:15     | Noticed a tengu reaver
 31619 | D:15     | Noticed a frost giant
 31619 | D:15     | Noticed a storm dragon
 31983 | Snake:1  | Entered Level 1 of the Snake Pit
 32143 | Swamp:1  | Entered Level 1 of the Swamp
 32633 | Swamp:1  | Paralysed by a hornet for 2 turns
 33167 | Swamp:1  | Reached skill level 18 in Spellcasting
 33285 | Swamp:2  | magus.rc [v1.9.6]
 33344 | Swamp:1  | Killed from afar by an eleionoma

Vanquished Creatures
  A dire elephant (D:15)
  Josephine (D:10)
  An entropy weaver (shapeshifter) (D:15)
  A hydra (Lair:4)
  A rakshasa (D:15)
  An alligator (Swamp:1)
  5 centaur warriors
  3 boulder beetles
  2 two-headed ogres
  3 orc high priests (Orc:2)
  2 tengu warriors
  A spriggan rider (Swamp:2)
  A goliath frog (Swamp:2)
  A wizard (D:14)
  A phantasmal warrior (D:15)
  3 deep elf pyromancers
  3 orc knights (Orc:2)
  A wolf spider (D:15)
  5 ugly things (D:15)
  4 cyclopes
  2 manticores
  4 orc sorcerers (Orc:2)
  A moth of wrath (shapeshifter) (D:14)
  A rust devil (D:10)
  A molten gargoyle (Volcano)
  A centaur zombie (D:14)
  Maggie (D:8)
  5 cane toads
  An unseen horror (D:12)
  A rime drake (Lair:3)
  A komodo dragon (Lair:3)
  An efreet (Volcano)
  A hornet (Swamp:2)
  2 trolls (Orc:2)
  A tyrant leech (Swamp:1)
  A blink frog (Lair:2)
  A slime creature (D:12)
  2 spriggans
  A vampire (D:7)
  9 yaks
  A wyvern (Lair:2)
  A wraith (D:7)
  A fire elemental (Volcano)
  A human (shapeshifter) (D:15)
  13 humans (D:14)
  2 basilisks
  A yak (shapeshifter) (D:14)
  2 steam dragons (D:7)
  A vampire mosquito (Swamp:2)
  2 swamp worms
  2 wargs
  6 water moccasins
  A hell hound (Lair:4)
  A sky beast (D:8)
  A black bear (D:5)
  10 orc warriors
  13 centaurs
  4 wolves (Lair:3)
  4 ogres
  2 phantoms
  A kobold brigand (D:7)
  7 bullfrogs
  An earth elemental (Volcano)
  2 scorpions (D:5)
  4 wights
  A yak zombie (D:10)
  3 killer bees
  5 howler monkeys
  4 electric eels
  A jelly (D:5)
  7 orc priests
  A hound (D:6)
  3 iguanas
  12 orc wizards
  8 mummies (Ossuary)
  6 adders
  An ufetubus (D:5)
  2 dart slugs
  32 orcs
  4 ball pythons
  3 endoplasms
  4 giant cockroaches
  4 goblins
  5 hobgoblins
  4 jackals
  5 quokkas
  5 bats
  4 frilled lizards (D:1)
  8 kobolds
  2 kobold skeletons (Ossuary)
  An orc skeleton (Ossuary)
  3 orc zombies
  7 rats
  11 rat skeletons (Ossuary)
319 creatures vanquished.

Vanquished Creatures (collateral kills)
  A bunyip (Swamp:1)
  Erolcha (D:10)
  A vault guard (D:14)
  A centaur warrior (D:13)
  A two-headed ogre (D:12)
  A death knight (D:15)
  3 boulder beetles
  A death yak (Lair:3)
  Pikel (D:5)
  A swamp dragon (Swamp:2)
  2 necromancers
  A salamander (D:15)
  6 ugly things
  A manticore (D:15)
  A toenail golem (Volcano)
  A rust devil (D:10)
  Maurice (D:8)
  12 elephants
  12 cane toads
  An efreet (Volcano)
  2 komodo dragons (Lair:1)
  2 rime drakes
  Prince Ribbit (D:8)
  A hornet (Swamp:1)
  A troll (Orc:1)
  A blink frog (Lair:2)
  A spectral elephant (Lair:5)
  7 dream sheep
  2 slime creatures (D:12)
  6 humans (D:14)
  9 yaks
  2 vampire mosquitoes (Swamp:1)
  A basilisk (Lair:3)
  3 fire elementals (Volcano)
  A warg (Orc:1)
  An acid dragon (shapeshifter) (D:13)
  4 swamp worms (Swamp:1)
  7 water moccasins
  A hell hound (Lair:4)
  3 orc warriors (Orc:2)
  A sky beast (D:7)
  An elephant zombie (Lair:5)
  3 black bears
  An ice beast (D:6)
  An ogre (Orc:1)
  3 wolves
  2 centaurs (D:7)
  An elephant skeleton (Lair:5)
  2 lemures (D:5)
  2 kobold brigands (D:7)
  7 bullfrogs
  2 scorpions
  A wight (D:9)
  4 killer bees
  2 howler monkeys
  A crimson imp (D:10)
  A hound (D:6)
  9 orc priests
  2 jellies
  A sleepcap (D:5)
  3 iguanas
  3 orc wizards
  4 hell rats (Lair:4)
  4 mummies (Ossuary)
  6 adders
  3 gnolls (D:3)
  A white imp (D:7)
  A dart slug (D:3)
  29 orcs
  4 ball pythons
  A bat (D:2)
  A giant cockroach (D:4)
  6 jackals
  6 kobolds
  A frilled lizard (D:1)
  2 gnoll skeletons (Ossuary)
  A goblin (D:9)
  A goblin skeleton (Ossuary)
  A kobold skeleton (Ossuary)
  An orc skeleton (Ossuary)
  A butterfly (Lair:1)
233 creatures vanquished.

Vanquished Creatures (others)
  Gastronok (D:10)
  A dire elephant (Lair:5)
  An ettin (Orc:1)
  A hydra (Lair:5)
  The ghost of gabibbone the Grappler, a novice TrSh of Wu Jian (D:10)
  A catoblepas (Lair:3)
  A centaur warrior (D:14)
  7 two-headed ogres
  A tengu warrior (D:13)
  3 boulder beetles
  2 death yaks (Lair:3)
  A skyshark (Lair:5)
  An orc knight (Orc:2)
  A necromancer (Lair:5)
  A swamp dragon (Orc:1)
  A wolf spider zombie (D:15)
  2 ugly thing zombies (D:15)
  A wolf spider (D:15)
  10 ugly things
  A cyclops (D:11)
  Joseph (D:8)
  10 elephants
  A black mamba (Lair:5)
  A gargoyle (D:12)
  2 death yak zombies (Lair:3)
  A spectral rakshasa (D:15)
  6 cane toads
  An unseen horror zombie (D:12)
  A rime drake (Lair:3)
  6 komodo dragons
  3 trolls
  A hornet (D:8)
  2 polar bears
  3 blink frogs (Lair:2)
  3 dream sheep
  A moth of wrath zombie (D:14)
  A shadow (D:8)
  4 wyverns
  3 wraiths (D:10)
  A basilisk (Lair:5)
  A human (D:14)
  21 yaks
  A steam dragon (D:8)
  2 death yak simulacra (Lair:5)
  A skyshark zombie (Lair:5)
  2 two-headed ogre zombies
  7 water moccasins
  2 cane toad zombies
  A spectral efreet (Volcano)
  5 orc warriors
  5 elephant zombies
  A hornet zombie (D:8)
  A manticore zombie (D:15)
  A blink frog zombie (Lair:2)
  A dream sheep zombie (Lair:3)
  2 black bears (D:11)
  5 wolves
  7 human zombies
  A komodo dragon zombie (Lair:1)
  A wyvern zombie (Lair:5)
  A scorpion (D:11)
  2 bullfrogs
  A spectral bullfrog (Lair:3)
  3 warg zombies
  7 wights (D:9)
  5 water moccasin zombies
  11 yak zombies
  A polar bear zombie (Lair:3)
  2 troll zombies
  3 wolf zombies
  6 bullfrog zombies
  7 centaur zombies
  A black bear zombie (D:11)
  2 iguanas (Lair:3)
  A spectral steam dragon (D:7)
  A scorpion zombie (D:5)
  A killer bee zombie (D:8)
  A sky beast zombie (D:7)
  An ogre zombie (Orc:1)
  A hound zombie (D:6)
  3 howler monkey zombies (D:7)
  A steam dragon zombie (D:8)
  4 adder zombies
  2 iguana zombies (D:5)
  A spectral white imp (D:7)
  4 bat zombies
  A gnoll zombie (D:3)
  5 ball python zombies
  2 endoplasm zombies (D:3)
  2 giant cockroach zombies
  A goblin zombie (D:2)
  2 hobgoblin zombies
  A jackal zombie (D:3)
  4 kobold zombies
  30 orc zombies
  A rat zombie (D:3)
  A spectral ufetubus (D:5)
282 creatures vanquished.

Grand Total: 834 creatures vanquished

Table legend:
 A = Non-vault XP
 B = Vault XP
 C = Vault XP percentage of total XP
 D = Non-vault monster count
 E = Vault monster count
 F = Vault count percentage of total count
                 A         B        C        D         E       F
            +---------+---------+-------+---------+---------+-------
      Total |  103515 |   46923 |  31.2 |     477 |     206 |  30.2
            +---------+---------+-------+---------+---------+-------
        D:1 |      24 |       8 |  25.0 |      18 |       4 |  18.2
        D:2 |      56 |       0 |   0.0 |      19 |       0 |   0.0
        D:3 |     165 |      38 |  18.7 |      21 |       9 |  30.0
        D:4 |     179 |       0 |   0.0 |      20 |       0 |   0.0
        D:5 |     699 |     811 |  53.7 |      14 |       3 |  17.6
        D:6 |     998 |       0 |   0.0 |      21 |       0 |   0.0
        D:7 |    1138 |    2488 |  68.6 |      22 |      22 |  50.0
        D:8 |    1114 |    2049 |  64.8 |      21 |       9 |  30.0
        D:9 |    1968 |     137 |   6.5 |      13 |       2 |  13.3
       D:10 |    6832 |    6206 |  47.6 |      28 |      12 |  30.0
       D:11 |    4643 |    1320 |  22.1 |      19 |       9 |  32.1
       D:12 |    5747 |       0 |   0.0 |      17 |       0 |   0.0
       D:13 |   11215 |       0 |   0.0 |      17 |       0 |   0.0
       D:14 |    6306 |    6358 |  50.2 |      15 |      25 |  62.5
       D:15 |   12772 |    3783 |  22.9 |      21 |       6 |  22.2
     Lair:1 |    4344 |    1188 |  21.5 |      12 |       4 |  25.0
     Lair:2 |    7488 |     199 |   2.6 |      28 |       1 |   3.4
     Lair:3 |    9373 |     832 |   8.2 |      31 |       5 |  13.9
     Lair:4 |    6399 |     290 |   4.3 |      23 |       2 |   8.0
     Lair:5 |    9737 |   10630 |  52.2 |      25 |      28 |  52.8
    Swamp:1 |    3796 |       0 |   0.0 |      12 |       0 |   0.0
    Swamp:2 |    3028 |       0 |   0.0 |       7 |       0 |   0.0
      Orc:1 |    3012 |       0 |   0.0 |      21 |       0 |   0.0
      Orc:2 |    2482 |    8218 |  76.8 |      32 |      25 |  43.9
    Ossuary |       0 |     241 | 100.0 |       0 |      31 | 100.0
    Volcano |       0 |    2127 | 100.0 |       0 |       9 | 100.0
            +---------+---------+-------+---------+---------+-------

Skill      XL: |  1  2  3  4  5  6  7  8  9 10 11 12 13 14 15 |
---------------+----------------------------------------------+-----
Stealth        | 1 3 4 5 6 |  6.0
Summonings     | 1 2 4 7 8 |  8.0
Evocations     | 5 6 8 12 | 12.0
Spellcasting   | 6 8 10 12 14 18 | 18.0
Dodging        | 8 12 | 12.0
Fighting       | 4 5 7 8 10 | 10.2
Translocations | 6 |  6.0
Invocations    | 4 |  4.0
Hexes          | 4 |  4.0
Air Magic      | 4 6 |  6.0
Conjurations   | 3 4 6 |  6.0
Shields        | 5 |  5.0
Ice Magic      | 4 5 6 |  6.0

Action                     |  1- 3 |  4- 6 |  7- 9 | 10-12 | 13-15 || total
---------------------------+-------+-------+-------+-------+-------++-------
  Melee: Dagger            |   168 |   127 |       |       |       ||   295
         Punch             |       |     3 |     2 |     2 |       ||     7
         Falchion          |       |    41 |   199 |   191 |   224 ||   655
   Cast: Summon Small Mamm |     7 |    13 |    14 |    12 |     6 ||    52
         Call Canine Famil |       |    11 |    45 |    59 |    98 ||   213
         Summon Guardian G |       |       |       |    95 |   142 ||   237
         Mephitic Cloud    |       |       |       |     2 |    10 ||    12
         Freezing Cloud    |       |       |       |       |   146 ||   146
         Teleport Other    |       |       |       |       |     2 ||     2
 Invoke: Dark Bargain      |       |       |     1 |     6 |    16 ||    23
         Bind Soul         |       |       |       |       |     1 ||     1
  Evoke: Wand              |       |       |    13 |    28 |    31 ||    72
         Lightning rod     |       |       |       |       |     5 ||     5
    Use: Scroll            |       |     6 |     3 |    10 |    17 ||    36
         Potion            |       |       |       |       |     3 ||     3
   Stab: Sleeping          |     9 |     7 |     5 |     2 |     3 ||    26
         Distracted        |     1 |     2 |     7 |     2 |     6 ||    18
 Armour: Robe              |    55 |    43 |    57 |    77 |   169 ||   401
  Dodge: Dodged            |   162 |   146 |   152 |   208 |   237 ||   905
  Block: Other             |       |    39 |    46 |    43 |     6 ||   134
         Reflection        |       |     1 |     1 |     3 |    15 ||    20
         Buckler           |       |       |       |       |   147 ||   147

Illustrated notes

Table legend:
 A = Kills in this place as a percentage of kills in the entire game.
 B = Kills by you in this place as a percentage of kills by you in the entire game.
 C = Kills by friends in this place as a percentage of kills by friends in the entire game.
 D = Other kills in this place as a percentage of other kills in the entire game.
 E = Experience gained in this place as a percentage of experience gained in the entire game.
 F = Experience gained in this place divided by the number of levels of this place that you have seen.
                   A       B       C       D       E      F
               +-------+-------+-------+-------+-------+----------------------
         Total | 100.0 | 100.0 | 100.0 | 100.0 | 100.0 | 5571.8
       Dungeon |  56.7 |  63.8 |  51.3 |  49.6 |  51.2 | 5136.9
          Lair |  23.3 |   8.3 |  29.6 |  46.1 |  33.6 | 10096.0
         Swamp |   2.8 |   3.2 |   3.9 |   0.0 |   4.5 | 3412.0
  Orcish Mines |  11.4 |  16.3 |   9.1 |   4.3 |   9.1 | 6856.0
       Ossuary |   4.5 |   7.1 |   3.9 |   0.0 |   0.2 | 241.0
       Volcano |   1.3 |   1.3 |   2.2 |   0.0 |   1.4 | 2127.0
               +-------+-------+-------+-------+-------+----------------------

Table legend: (Time is in decaauts)
 A = Elapsed time spent in this place.
 B = Non-inter-level travel time spent in this place.
 C = Inter-level travel time spent in this place.
 D = Time resting spent in this place.
 E = Time spent auto-exploring this place.
 F = Levels seen in this place.
 G = Mean time per level.
                   A        B        C        D        E       F      G
               +--------+--------+--------+--------+--------+-----+--------+
         Total |  25937 |  24856 |   1081 |   5373 |  12082 |  27 |  960.6 |
       Dungeon |  16123 |  15372 |    751 |   2895 |   8142 |  15 | 1074.9 |
          Lair |   5969 |   5757 |    212 |   1357 |   2411 |   5 | 1193.8 |
         Swamp |    963 |    919 |     44 |    257 |    454 |   2 |  481.5 |
     Snake Pit |      1 |      1 |      0 |      0 |      0 |   1 |    1.0 |
  Orcish Mines |   2100 |   2028 |     72 |    664 |    874 |   2 | 1050.0 |
       Ossuary |    448 |    448 |      0 |     29 |    200 |   1 |  448.0 |
       Volcano |    329 |    329 |      0 |    170 |      0 |   1 |  329.0 |
               +--------+--------+--------+--------+--------+-----+--------+

Top non-repeatable levels by time:
  Lair:5: 2036 daAuts
    D:10: 1757 daAuts
    D:13: 1654 daAuts
    D:14: 1355 daAuts
    D:11: 1331 daAuts
   Orc:2: 1324 daAuts
  Lair:3: 1229 daAuts
    D:15: 1225 daAuts
     D:7: 1175 daAuts
     D:5: 1130 daAuts
  Lair:2: 1085 daAuts
     D:9: 1056 daAuts
  Lair:1: 1026 daAuts
     D:8: 1025 daAuts
     D:3: 956 daAuts
